 Dungeon Crawl Stone Soup version 0.28-a0-533-g9f97627e2a (webtiles) character file.

Game seed: 1538972483743578450

28 knot the Chopper (level 3, 29/29 HPs)
             Began as a Demonspawn Berserker on Sept 25, 2021.
             Was a Follower of Trog.
             Quit the game on level 1 of the Dungeon.
             The game lasted 00:01:55 (605 turns).

knot the Chopper (Demonspawn Berserker)              Turns: 605, Time: 00:01:56

Health: 29/29      AC:  6    Str: 17    XL:     3   Next: 0%
Magic:  3/3        EV: 10    Int:  9    God:    Trog [*.....]
Gold:   12         SH:  4    Dex: 12    Spells: 2/2 levels left

rFire   . . .      SeeInvis .   a - +0 hand axe
rCold   . . .      Faith    .   (no shield)
rNeg    . . .      Spirit   .   d - +0 scale mail
rPois   .          Reflect  .   (no helmet)
rElec   .          Harm     .   f - scarf {+Inv}
rCorr   .          Rampage  .   (no gloves)
Will    .....                   (no boots)
Stlth   ..........              (no amulet)
HPRegen 1.09/turn               (no ring)
MPRegen 0.08/turn               (no ring)

@: no status effects
A: powered by death 1, condensation shield
a: Renounce Religion, Evoke Invisibility, Berserk


You were on level 1 of the Dungeon.
You worshipped Trog.
Trog was aware of your devotion.
You visited 1 branch of the dungeon, and saw 1 of its levels.

You collected 12 gold pieces.

Inventory:

Hand Weapons
 a - a +0 hand axe (weapon)
Missiles
 c - 14 stones (quivered)
 e - 2 boomerangs
Armour
 d - a +0 scale mail (worn)
 f - a scarf of invisibility (worn)
Scrolls
 b - a scroll of holy word {unknown}


   Skills:
 - Level 3.0 Fighting
 + Level 3.8 Axes
 - Level 1.7 Armour
 - Level 1.7 Dodging


You had 2 spell levels left.
You didn't know any spells.
Your spell library was empty.

Dungeon Overview and Level Annotations

Branches:
Dungeon (1/15)

Altars:


Innate Abilities, Weirdness & Mutations

You regenerate a little health from kills.
A meltable shield of frost defends you. (SH +4)


Message History

Trog accepts your kill.
No target in view!
No target in view!
You see here a +0 dagger.
A hobgoblin comes into view.
The hobgoblin shouts!
You hit the hobgoblin.
You kill the hobgoblin!
Trog accepts your kill.
No target in view!
No target in view!
Search for what [? for help]? .
You see here a scarf of invisibility.
f - a scarf of invisibility You start putting on your armour.
You continue putting on your scarf of invisibility. x4
You finish putting on your scarf of invisibility.
You become transparent for a moment.
Unknown command.
Okay, then.
Unknown command.
Okay, then.
Unknown command.
Search for what [Enter for "."]? .
Unknown command.
A giant cockroach comes into view.
A giant cockroach is nearby!
You barely miss the giant cockroach.
The giant cockroach completely misses you.
You barely miss the giant cockroach.
The giant cockroach bites you but does no damage. x2
You slash the giant cockroach!
You kill the giant cockroach!
Trog accepts your kill.
You have reached level 3!
Your experience leads to an increase in your attributes!
Increase (S)trength, (I)ntelligence, or (D)exterity?
You feel clever.
Your demonic ancestry asserts itself...
Frost condenses into a shield before you.
Are you sure you want to abandon this character and quit the game? (Confirm with "yes".)

#.#.......(..†........#####.
#>..##.#..##.............)..
#)#.##..#.##..##......######
#)...........###......# #
#...##....#.## #.†....# #
####.#.##....#.# #.......# #
#............#.# #.......# #
#.......#.##.#.# #.......# #
#......##....#@# #.......# #
###......#######†...........#
# ............ .............#
# #########...# ##......## #
# ..... .......# # # .....
......## # # ##### ####..# #
# ..# # . #


There were no monsters in sight!

Vanquished Creatures
  A gnoll (D:1)
  A dart slug (D:1)
  A bat (D:1)
  An endoplasm (D:1)
  A giant cockroach (D:1)
  2 hobgoblins (D:1)
  A quokka (D:1)
  2 frilled lizards (D:1)
  4 kobolds (D:1)
  2 rats (D:1)
16 creatures vanquished.

Notes
Turn   | Place    | Note
-------+----------+-------------------------------------------
     0 | D:1      | knot the Demonspawn Berserker began the quest for the Orb.
     0 | D:1      | Reached XP level 1. HP: 18/18 MP: 1/1
   375 | D:1      | Gained mutation: You regenerate a little health from kills.
                  | [demonic ancestry]
   375 | D:1      | Reached XP level 2. HP: 24/24 MP: 2/2
   605 | D:1      | Gained mutation: A meltable shield of frost defends you.
                  | (SH +4) [demonic ancestry]
   605 | D:1      | Reached XP level 3. HP: 29/29 MP: 3/3
   605 | D:1      | Quit the game

Illustrated notes

Levels and vault maps discovered:
D:1:      roderic_octagonal_star, layout_basic,
          shapermc_ecumenical_altar_mp_urbaneastern,
          hangedman_abyss_or_decor_lesser_grid

Skill      XL: |  1 |
---------------+----+-----
Axes           | 3 |  3.8
Fighting       | |  3.0
Armour         | |  1.7
Dodging        | |  1.7

Action                   || total
-------------------------++-------
Melee: Hand axe          ||    48
Invok: Berserk           ||     2
Armor: Scale mail        ||    20
Dodge: Dodged            ||    33

Table legend: (Time is in decaauts)
 A = Elapsed time spent in this place.
 B = Non-inter-level travel time spent in this place.
 C = Inter-level travel time spent in this place.
 D = Time resting spent in this place.
 E = Time spent auto-exploring this place.
 F = Levels seen in this place.
 G = Mean time per level.
                   A        B        C        D        E       F      G
               +--------+--------+--------+--------+--------+-----+--------+
         Total |    628 |    618 |     10 |    280 |    211 |   1 |  628.0 |
       Dungeon |    628 |    618 |     10 |    280 |    211 |   1 |  628.0 |
               +--------+--------+--------+--------+--------+-----+--------+

Top non-repeatable levels by time:
     D:1: 628 daAuts
